 Dungeon Crawl Stone Soup version 0.29.1-15-g9cfb28693d (webtiles) character file.

Game seed: 9328501550049015216

148 GigaChad the Covered (level 5, 0/47 HPs)
             Began as a Minotaur Fighter on Mar 11, 2023.
             Slain by an orc wizard
             ... wielding a +0 dagger
              (3 damage)
             ... on level 3 of the Dungeon.
             The game lasted 00:02:59 (2706 turns).

GigaChad the Covered (Minotaur Fighter)             Turns: 2706, Time: 00:03:00

Health: 0/47       AC: 13    Str: 23    XL:     5   Next: 8%
Magic:  4/4        EV:  9    Int:  5    God:
Gold:   91         SH:  4    Dex:  9    Spells: 4/4 levels left

rFire   . . .      SeeInvis .   a - +1 war axe
rCold   . . .      Faith    .   c - +0 buckler
rNeg    . . .      Spirit   .   b - +0 scale mail
rPois   .          Reflect  .   (helmet restricted)
rElec   +          Harm     .   (no cloak)
rCorr   .          Rampage  .   o - +1 pair of gloves
Will    .....                   (no boots)
Stlth   ..........              (no amulet)
HPRegen 0.15/turn               e - ring of Feuqiusm {rElec AC+4}
MPRegen 0.09/turn               (no ring)

@: no status effects
A: horns 2, retaliatory headbutt
a: no special abilities


You were on level 3 of the Dungeon.
You visited 1 branch of the dungeon, and saw 3 of its levels.

You collected 91 gold pieces.

Inventory:

Hand Weapons
 a - a +1 war axe (weapon)
Armour
 b - a +0 scale mail (worn)
 c - a +0 buckler (worn)
 o - a +1 pair of gloves (worn)
Jewellery
 e - the ring of Feuqiusm (left hand) {rElec AC+4}
   (You found it on level 2 of the Dungeon)

   [ring of protection]

   AC:        It affects your AC (+4).
   rElec:     It insulates you from electricity.
Scrolls
 h - a scroll of vulnerability
 i - a scroll of silence
 m - 2 scrolls of magic mapping {unknown}
 n - a scroll of identify
Potions
 d - 2 potions of might
 f - a potion of attraction {unknown}
 g - 2 potions of curing {unknown}
 j - a potion of cancellation {unknown}
 k - a potion of lignification {unknown}
 l - 2 potions of degeneration {unknown}


   Skills:
 * Level 4.3 Fighting
 + Level 3.5 Axes
 + Level 5.0 Armour
 * Level 1.3 Dodging
 * Level 4.4 Shields


You had 4 spell levels left.
You didn't know any spells.
Your spell library contained the following spells:

 Spells                   Type           Power      Damage    Failure   Level
 Foxfire                  Conj/Fire      0%         2x1d4     86%         1
 Conjure Flame            Conj/Fire      0%         6-21      99%         3
 Inner Flame              Hex/Fire       0%         N/A       99%         3
 Stone Arrow              Conj/Erth      0%         3d7       99%         3
 Animate Armour           Summ/Erth      0%         N/A       100%        4
 Flame Wave               Conj/Fire      0%         2d4       100%        4
 Lehudib's Crystal Spear  Conj/Erth      0%         10d2      100%        8


Dungeon Overview and Level Annotations

Branches:
Dungeon (3/15)

Altars:
Qazlal


Innate Abilities, Weirdness & Mutations

You have a pair of horns on your head.
You reflexively headbutt those who attack you in melee.


Message History

Something tries to affect you, but you resist.
You hear some strange, mumbled words.
A magic dart appears from out of thin air!
The magic dart hits you.
Things that are here:
a +0 hand axe; a +0 leather armour You slash something!
You hear some strange, mumbled words.
A puff of flame appears from out of thin air!
The puff of flame hits you. Something hits you but does no damage.
You closely miss something. Your headbutt misses something. Something hits you.
You barely miss something. Your headbutt misses something.
Something hits you but does no damage. You block something's attack.
You miss something. You headbutt something.
You hear some strange, mumbled words.
You are confused.
You bump into the rock wall.
Something hits you.
You barely miss something. Your headbutt misses something.
Something hits you but does no damage.
You completely miss something.
You hear some strange, mumbled words.
A puff of flame appears from out of thin air!
The puff of flame hits you! Something hits you.
You miss something.
You feel less confused.
You hear some strange, mumbled words.
A puff of flame appears from out of thin air!
The puff of flame hits you!
* * * LOW HITPOINT WARNING * * *
You closely miss something. Something hits you but does no damage.
You closely miss something. Something hits you.
* * * LOW HITPOINT WARNING * * *
Something hits you but does no damage.
You hit something.
You hear some strange, mumbled words.
A puff of flame appears from out of thin air!
The puff of flame hits you!
* * * LOW HITPOINT WARNING * * *
You miss something. Something hits you.
You die...

#####.. ##### ####.......
....# #........o. ....#
#.......... ....#
#...$...... .^..#
#.......... ....#
#..........
##.###############......####
...............)@{....[.....
##.....###########......####
# #####.###########......#
#.# #...........##......#
#.# #...........#########
#.# #####...........#####
#.# ....#...............#
#.# .##†#...............####
#.# .##.#..................#
#.#


There were no monsters in sight!

Vanquished Creatures
  An orc priest (D:3)
  An orc wizard (D:3)
  An adder (D:3)
  8 orcs (D:3)
  4 endoplasms
  4 giant cockroaches
  5 goblins
  A hobgoblin (D:3)
  15 jackals
  2 quokkas
  8 ball pythons
  4 bats
  7 frilled lizards
  4 kobolds
  5 rats
70 creatures vanquished.

Notes
Turn   | Place    | Note
-------+----------+-------------------------------------------
     0 | D:1      | GigaChad the Minotaur Fighter began the quest for the Orb.
     0 | D:1      | Reached XP level 1. HP: 19/19 MP: 0/0
   251 | D:1      | Reached skill level 4 in Armour
   297 | D:1      | Reached XP level 2. HP: 27/27 MP: 1/1
   780 | D:1      | Reached XP level 3. HP: 33/33 MP: 2/2
  1207 | D:2      | Identified the ring of Feuqiusm {rElec AC+4}
  1411 | D:2      | Found a faded altar of an unknown god.
  1602 | D:3      | Found a stormy altar of Qazlal.
  2210 | D:3      | Reached XP level 4. HP: 40/40 MP: 3/3
  2416 | D:3      | Reached skill level 1 in Dodging
  2599 | D:3      | Reached skill level 5 in Armour
  2687 | D:3      | Reached XP level 5. HP: 41/47 MP: 4/4
  2706 | D:3      | Slain by an orc wizard

Illustrated notes

Levels and vault maps discovered:
D:1:      mushboom_english_gardens, layout_basic
D:2:      layout_basic, shapermc_ecumenical_altar_notcrosses
D:3:      layout_basic, nicolae_qazlal_scattered_showers

Skill      XL: |  1  2  3  4 |
---------------+-------------+-----
Armour         | 4 5 |  5.0
Shields        | 4 |  4.4
Fighting       | 4 |  4.3
Axes           | 3 |  3.5
Dodging        | 1 |  1.3

Action                   |  1- 3 |  4- 6 || total
-------------------------+-------+-------++-------
Melee: War axe           |    91 |    41 ||   132
       Headbutt          |     8 |     3 ||    11
  Use: Scroll            |     3 |       ||     3
Armor: Scale mail        |    55 |    31 ||    86
Dodge: Dodged            |    65 |    13 ||    78
Block: Buckler           |    19 |    11 ||    30
